 Dungeon Crawl Stone Soup version 0.32-a0-540-g866d13106e (webtiles) character file.

Game seed: 3513021395877486302

53 grandjackal the Slasher (level 3, 0/29 HPs)
             Began as a Demonspawn Gladiator on Feb 29, 2024.
             Slain by Grinder (6 damage)
             ... on level 3 of the Dungeon.
             The game lasted 00:01:34 (1275 turns).

grandjackal the Slasher (Demonspawn Gladiator)      Turns: 1275, Time: 00:01:35

Health: 0/29       AC:  7    Str: 14    XL:     3   Next: 64%
Magic:  0/3        EV: 11    Int:  8    God:
Gold:   83         SH:  4    Dex: 16    Spells: 2/2 levels left

rFire   . . .        a - +0 long sword
rCold   . . .        (no shield)
rNeg    . . .        k - +0 ring mail
rPois   .            c - +0 helmet
rElec   .            (no cloak)
rCorr   .            (no gloves)
SInv    .            h - +0 pair of boots
Will    +....        q - amulet of guardian spirit
Stlth   +            p - ring of willpower
HPRegen 0.24/turn    (no ring)
MPRegen 0.08/turn

%: guardian spirit
@: no status effects
A: condensation shield
a: no special abilities


You were on level 3 of the Dungeon.
You visited 1 branch of the dungeon, and saw 3 of its levels.

You collected 83 gold pieces.

Inventory:

Hand Weapons
 a - a +0 long sword (weapon)
Missiles
 b - 3 poisoned darts
 d - 3 throwing nets (quivered)
 e - a javelin
Armour
 c - a +0 helmet (worn)
 h - a +0 pair of boots (worn)
 k - a +0 ring mail (worn)
Jewellery
 p - a ring of willpower (left hand)
 q - an amulet of guardian spirit (around neck)
Scrolls
 f - 2 scrolls of poison {unknown}
 g - 2 scrolls of fog {unknown}
 i - a scroll of acquirement {unknown}
 l - a scroll of noise {unknown}
 m - 2 scrolls of blinking {unknown}
 o - a scroll of identify {unknown}
Potions
 j - a potion of enlightenment {unknown}
 n - a potion of haste {unknown}
 r - a potion of curing {unknown}


   Skills:
 + Level 3.0 Fighting
 + Level 3.3 Long Blades
 - Level 2.0 Throwing
 - Level 3.0 Dodging


You had 2 spell levels left.
You didn't know any spells.
Your spell library contained the following spells:

 Spells                   Type           Power      Damage    Failure   Level
 Lesser Beckoning         Tloc           0%         N/A       80%         2
 Gell's Gravitas          Tloc           0%         N/A       95%         3
 Teleport Other           Tloc           0%         N/A       95%         3
 Alistair's Intoxication  Alch           0%         N/A       100%        5
 Borgnjor's Vile Clutch   Necr/Erth      0%         N/A       100%        5
 Eringya's Noxious Bog    Alch           0%         4d6       100%        6


Dungeon Overview and Level Annotations

Branches:
Dungeon (3/15)

Altars:

Annotations:
D:3 Grinder


Innate Abilities, Weirdness & Mutations

A meltable shield of frost defends you. (SH +4)


Message History

Done exploring.
Done exploring.
There is a stone staircase leading down here.
You climb downwards.
There is a stone staircase leading up here.
Grinder comes into view.
Grinder shouts!
Grinder says, "What is the universe for?"
Grinder is nearby!
Grinder barely misses you.
You hit Grinder but do no damage. Grinder closely misses you.
You closely miss Grinder. You block Grinder's attack.
You hit Grinder.
Grinder is lightly wounded.
Grinder blinks!
Grinder completely misses you.
You slash Grinder!
Grinder is moderately wounded.
Grinder gestures at you.
You easily resist.
Grinder gestures at you.
You easily resist.
You barely miss Grinder.
Grinder is moderately wounded.
Grinder hits you.
You writhe in agony.
You slash Grinder!
Grinder is heavily wounded.
Grinder hits you.
You writhe in agony.
You closely miss Grinder.
Grinder is heavily wounded.
Grinder gestures at you. Pain shoots through your body!
* * * LOW HITPOINT WARNING * * *
You are too injured to fight recklessly!
You are too injured to fight recklessly!
You hit Grinder.
Grinder is severely wounded.
Grinder barely misses you. Grinder hits you.
You die...
Grinder says, "Hey, I wasn't done torturing you yet!"

... ...
... #.#
#.# #.#
#.# ###.#
#<.@#
###.5...#
.........
.#.#.#.#.#
..#.#.....
..
......#.#
#.. ...
..... ##
.## ..#.


You could see Grinder.

Vanquished Creatures
  An adder (D:2)
  A ribbon worm (D:2)
  A dart slug (D:2)
  6 ball pythons
  3 giant cockroaches
  3 goblins (D:1)
  3 hobgoblins (D:1)
  2 jackals (D:1)
  3 kobolds
  2 quokkas (D:1)
  5 bats
  3 frilled lizards
  6 rats
39 creatures vanquished.

Notes
Turn   | Place    | Note
-------+----------+-------------------------------------------
     0 | D:1      | grandjackal the Demonspawn Gladiator began the quest for
                  | the Orb.
     0 | D:1      | Reached XP level 1. HP: 16/16 MP: 1/1
   108 | D:1      | Gained mutation: A meltable shield of frost defends you.
                  | (SH +4) [demonic ancestry]
   108 | D:1      | Reached XP level 2. HP: 17/22 MP: 2/2
   573 | D:1      | Reached XP level 3. HP: 21/28 MP: 3/3
  1213 | D:2      | Found a faded altar of an unknown god.
  1265 | D:3      | Noticed Grinder
  1275 | D:3      | Slain by Grinder

Illustrated notes

Levels and vault maps discovered:
D:1:      roadster_arrival_rocket_large, layout_rooms
D:2:      layout_rooms, shapermc_ecumenical_altar_petra
D:3:      layout_basic, uniq_grinder, uniq_sigmund

Skill      XL: |  1  2  3 |
---------------+----------+-----
Throwing       | 2 |  2.0
Dodging        | 3 |  3.0
Long Blades    | 3 |  3.3
Fighting       | 3 |  3.0

Action                     || total
---------------------------++-------
  Melee: Long sword        ||   133
 Armour: Leather armour    ||    65
         Ring mail         ||    36
  Dodge: Dodged            ||    82
  Block: Other             ||    20

Table legend: (Time is in decaauts)
 A = Elapsed time spent in this place.
 B = Non-inter-level travel time spent in this place.
 C = Inter-level travel time spent in this place.
 D = Time resting spent in this place.
 E = Time spent auto-exploring this place.
 F = Levels seen in this place.
 G = Mean time per level.
                   A        B        C        D        E       F      G
               +--------+--------+--------+--------+--------+-----+--------+
         Total |   1307 |   1244 |     63 |     99 |    802 |   3 |  435.7 |
       Dungeon |   1307 |   1244 |     63 |     99 |    802 |   3 |  435.7 |
               +--------+--------+--------+--------+--------+-----+--------+

Top non-repeatable levels by time:
     D:1: 766 daAuts
     D:2: 528 daAuts
     D:3: 12 daAuts
